 Dungeon Sprint DCSS version 0.26.0-57-g60708a5e39 (webtiles) character file.

Game seed: 6973540955125177478

4764 Groucho the Unseen (level 10, -2/44 HPs)
             Began as a Spriggan Enchanter on Feb 1, 2021.
             Was the Champion of Dithmenos.
             Killed by mirror damage (34 damage)
             ... in the Dungeon (Sprint VII: "The Pits").
             The game lasted 00:15:06 (4212 turns).

Groucho the Unseen (Spriggan Enchanter)             Turns: 4212, Time: 00:15:07

Health: -2/44      AC:  8    Str:  6    XL:     10   Next: 23%
Magic:  18/28      EV: 31    Int: 17    God:    Dithmenos [******]
Gold:   0          SH:  0    Dex: 18    Spells: 23/35 levels left

rFire    . . .     SeeInvis +   c - +2 dagger
rCold    . . .     Faith    .   (shield restricted)
rNeg     . . .     Spirit   .   b - +0 robe
rPois    .         Reflect  .   (helmet restricted)
rElec    .         Harm     .   (no cloak)
rCorr    .         Rampage  .   (gloves unavailable)
Will     +....     NoTele   +   (boots unavailable) Stlth **++++++++
                                (no amulet)
HPRegen  0.14/turn              p - +3 ring of protection
MPRegen  0.21/turn              q - +3 ring of protection

@: wreathed by umbra, very quick
A: very small, unfitting armour, see invisible, speed 3
a: Renounce Religion, Shadow Step, Shadow Form


You were in the Dungeon.
You worshipped Dithmenos.
Dithmenos was exalted by your worship.
You visited 1 branch

Inventory:

Hand Weapons
 c - a +2 dagger (weapon)
 d - a +1 dagger of electrocution
 r - a +2 rapier of venom
Missiles
 j - 5 stones (quivered)
Armour
 b - a +0 robe (worn)
Jewellery
 p - a +3 ring of protection (left hand)
 q - a +3 ring of protection (right hand)
Scrolls
 i - a scroll of blinking
 k - 3 scrolls of remove curse
 l - 5 scrolls of amnesia
 m - a scroll of summoning
 n - 2 scrolls of vulnerability
Potions
 a - 2 potions of invisibility
 e - 16 potions of heal wounds
 f - 2 potions of haste
 g - 4 potions of magic
 h - 2 potions of berserk rage
 o - 6 potions of curing
 s - a potion of mutation


   Skills:
 + Level 11.1 Short Blades
 + Level 14.0 Dodging
 - Level 15.0 Stealth
 + Level 13.0 Spellcasting
 - Level 3.9 Conjurations
 + Level 13.3 Hexes
 + Level 4.3 Ice Magic


You had 23 spell levels left.
You knew the following spells:

 Your Spells              Type           Power        Failure   Level
a - Corona                Hex            60%          1%          1
b - Ensorcelled Hibernat  Hex/Ice        82%          1%          2
c - Confusing Touch       Hex            54%          1%          3
d - Tukima's Dance        Hex            54%          1%          3
e - Dazzling Flash        Conj/Hex       80%          1%          3

Your spell library contained the following spells:

 Spells                   Type           Power        Failure   Level


Dungeon Overview and Level Annotations

Branches:
Dungeon (1/1)

Altars:
Ashenzari
Cheibriados
Dithmenos
Elyvilon
Fedhas
Gozag
Hepliaklqana
Kikubaaqudgha
Makhleb
Nemelex Xobeh
Okawaru
Qazlal
Ru
Sif Muna
Trog
Uskayaw
Vehumet
Wu Jian
Xom
Yredelemnul
Zin
The Shining One
Beogh
Jiyva
Lugonu


Innate Abilities, Weirdness & Mutations

You are very small and have problems with some larger weapons.
You are too small for most types of armour.
You have supernaturally acute eyesight. (SInv)
You cover ground extremely quickly.


Message History

You hit the death knight but do no damage.
The death knight is lightly wounded.
Your shadow hits the death knight but does no damage.
You see here a +3 halberd.
You barely miss the death knight.
The death knight is lightly wounded.
Your shadow hits the death knight but does no damage.
You hit the death knight.
The death knight is lightly wounded.
Your shadow hits the death knight but does no damage.
The death knight reflects your damage back at you!
You hit the death knight but do no damage.
The death knight is lightly wounded.
Your shadow closely misses the death knight.
You catch the helpless death knight completely off-guard!
You skewer the death knight like a kebab!!!
The death knight is severely wounded.
The death knight reflects your damage back at you!
Ouch! That really hurt!
You die...

############ #_________.#
#_________.#
#_______...###########++######
##########'##................#
#....')))'.##......#..#......#
##########.##................+
#...........'................+
#'#####+#####.).@..#..#......#
#.#.†#.).'.##....p...........#
#.#..#...#.#####'#####''######
#.#..#####.##.......##†'# #####
#.#..'...#)##.......##..###...#
#.#..'...'.##.......##...##...# .
#.#..########...<...###...##'##(.
#.#..'[))..##.......# ##...†.....
#.#..#[))).##.......###÷.###+###.


You could see a death knight (reflects damage, confused).

Vanquished Creatures
  An unseen horror (D)
  A deep elf mage (D)
  2 cane toads (D)
  A jumping spider (D)
  5 blink frogs (D)
  A wraith (D)
  A basilisk (D)
  A yak (D)
  2 vampire mosquitoes (D)
  A warg (D)
  A sky beast (D)
  A phantom (D)
  3 black bears (D)
  A necrophage (D)
  6 wolves (D)
  A bullfrog (D)
  4 killer bees (D)
  An iguana (D)
  Ijyb (D)
  A gnoll (D)
  2 adders (D)
  2 river rats (D)
  An ufetubus (D)
  An adder skeleton (D)
  An orc (D)
  A bat (D)
  A bat skeleton (D)
  A bat zombie (D)
  A giant cockroach (D)
  2 frilled lizards (D)
49 creatures vanquished.

Vanquished Creatures (others)
  A dancing weapon (D)
1 creature vanquished.

Grand Total: 50 creatures vanquished

Notes
Turn   | Place    | Note
-------+----------+-------------------------------------------
     0 | D        | Groucho the Spriggan Enchanter began the quest for the Orb.
     0 | D        | Reached XP level 1. HP: 9/9 MP: 5/5
    18 | D        | Reached skill level 5 in Stealth
    53 | D        | Found a bloodstained altar of Trog.
    53 | D        | Found a shimmering blue altar of Sif Muna.
    53 | D        | Found a viscous altar of Jiyva.
    53 | D        | Found a hazy altar of Hepliaklqana.
    53 | D        | Found an opulent altar of Gozag.
    54 | D        | Found a glowing golden altar of the Shining One.
    54 | D        | Found a glowing silver altar of Zin.
    54 | D        | Found a basalt altar of Yredelemnul.
    54 | D        | Found a shimmering altar of Xom.
    54 | D        | Found an ornate altar of the Wu Jian Council.
    54 | D        | Found a sacrificial altar of Ru.
    54 | D        | Found a stormy altar of Qazlal.
    54 | D        | Found an iron altar of Okawaru.
    54 | D        | Found a sparkling altar of Nemelex Xobeh.
    54 | D        | Found a burning altar of Makhleb.
    54 | D        | Found a blossoming altar of Fedhas.
    54 | D        | Found a white marble altar of Elyvilon.
    54 | D        | Found a shadowy altar of Dithmenos.
    54 | D        | Found a snail-covered altar of Cheibriados.
    56 | D        | Found a corrupted altar of Lugonu.
    56 | D        | Found a radiant altar of Vehumet.
    56 | D        | Found a roughly hewn altar of Beogh.
    57 | D        | Found an ancient bone altar of Kikubaaqudgha.
    57 | D        | Found a hide-covered altar of Uskayaw.
    57 | D        | Found a broken altar of Ashenzari.
    69 | D        | Became a worshipper of Dithmenos the Shadowed
   176 | D        | Reached * piety under Dithmenos
   177 | D        | Reached skill level 6 in Stealth
   177 | D        | Reached XP level 2. HP: 7/13 MP: 5/7
   178 | D        | Reached skill level 7 in Stealth
   565 | D        | Learned a level 2 spell: Ensorcelled Hibernation
   585 | D        | Reached skill level 8 in Stealth
   585 | D        | Reached skill level 5 in Hexes
   585 | D        | Reached XP level 3. HP: 16/16 MP: 6/9
   615 | D        | Noticed a bullfrog
   993 | D        | Killed a bullfrog
   993 | D        | Reached ** piety under Dithmenos
   994 | D        | Reached skill level 10 in Stealth
   994 | D        | Reached skill level 5 in Spellcasting
   994 | D        | Reached XP level 4. HP: 12/21 MP: 2/12
  1378 | D        | Noticed a warg
  1379 | D        | Noticed Ijyb
  1379 | D        | Noticed a black bear
  1411 | D        | Killed a warg
  1412 | D        | Reached skill level 5 in Dodging
  1412 | D        | Reached skill level 12 in Stealth
  1412 | D        | Reached XP level 5. HP: 24/24 MP: 4/15
  1827 | D        | Reached *** piety under Dithmenos
  2016 | D        | Killed Ijyb
  2017 | D        | Reached XP level 6. HP: 28/28 MP: 17/17
  2372 | D        | Reached skill level 13 in Stealth
  2510 | D        | Noticed a yak
  2512 | D        | Killed a yak
  2512 | D        | Reached **** piety under Dithmenos
  2513 | D        | Reached skill level 5 in Short Blades
  2513 | D        | Reached skill level 14 in Stealth
  2514 | D        | Noticed a deep elf mage
  2514 | D        | Noticed a sky beast
  2516 | D        | Killed a sky beast
  2517 | D        | Reached XP level 7. HP: 32/32 MP: 18/20
  2544 | D        | Learned a level 3 spell: Confusing Touch
  2548 | D        | Learned a level 3 spell: Tukima's Dance
  2552 | D        | Learned a level 3 spell: Dazzling Flash
  2585 | D        | Killed a deep elf mage
  2585 | D        | Reached ***** piety under Dithmenos
  2586 | D        | Reached skill level 15 in Stealth
  2586 | D        | Reached skill level 10 in Hexes
  2586 | D        | Reached XP level 8. HP: 36/36 MP: 15/22
  2815 | D        | Reached skill level 10 in Dodging
  2815 | D        | Reached skill level 10 in Spellcasting
  2818 | D        | Noticed a cane toad
  2836 | D        | Reached skill level 1 in Conjurations
  2887 | D        | Killed a cane toad
  3302 | D        | Noticed a cane toad
  3330 | D        | Killed a cane toad
  3331 | D        | Reached XP level 9. HP: 26/39 MP: 17/25
  3398 | D        | Reached ****** piety under Dithmenos
  3714 | D        | Reached skill level 1 in Ice Magic
  3742 | D        | Reached skill level 10 in Short Blades
  3998 | D        | Noticed an unseen horror
  4013 | D        | Killed an unseen horror
  4014 | D        | Reached XP level 10. HP: 44/44 MP: 24/27
  4128 | D        | Noticed a cane toad
  4133 | D        | Noticed a death knight
  4212 | D        | Killed by mirror damage

Illustrated notes

Levels and vault maps discovered:
D:        pitsprint [storerooms_1, entrance_room_1, metal_vault_5, armoury_2,
          mini_pit_1, grid_room_1, main_hall_1, silver_pit, the_coven_1,
          the_vestibule_1, steel_vault_1, golden_pit, hallway_of_sentries,
          crystal_vault_3, iron_vault_2, final_vault]

Skill      XL: |  1  2  3  4  5  6  7  8  9 10 |
---------------+-------------------------------+-----
Stealth        | 6 8 10 12 14 15 | 15.0
Spellcasting   | 3 4 5 6 7 8 9 11 12 13 | 13.0
Hexes          | 4 5 6 7 9 10 11 13 | 13.3
Short Blades   | 3 5 7 9 10 11 | 11.1
Dodging        | 5 8 9 11 13 14 | 14.0
Conjurations   | 3 |  3.9
Ice Magic      | 3 4 |  4.3

Action                   |  1- 3 |  4- 6 |  7- 9 | 10-12 || total
-------------------------+-------+-------+-------+-------++-------
Melee: Dagger            |    27 |    10 |    37 |    39 ||   113
Throw: Stone             |     1 |     2 |     6 |     2 ||    11
 Cast: Ensorcelled Hiber |     9 |    12 |    35 |     3 ||    59
       Corona            |     1 |       |       |       ||     1
       Confusing Touch   |       |       |     3 |     4 ||     7
       Tukima's Dance    |       |       |       |     2 ||     2
       Dazzling Flash    |       |       |       |     1 ||     1
  Use: Potion            |     2 |       |       |       ||     2
 Stab: Sleeping          |     3 |    10 |    23 |     1 ||    37
       Confused          |       |       |     3 |     3 ||     6
Armor: Robe              |     2 |       |     4 |     2 ||     8
Dodge: Dodged            |    33 |     7 |    34 |    39 ||   113
